 Dungeon Crawl Stone Soup version 0.29.1-2-gbd0b4ee654 (webtiles) character file.

Game seed: 14055996312759008043

293 GorkyZ the Shield-Bearer (level 6, -5/39 HPs)
             Began as a Gargoyle Fighter on Nov 25, 2022.
             Was an Initiate of Gozag.
             Slain by a lemure (8 damage)
             ... led by Pikel
             ... on level 4 of the Dungeon on Nov 26, 2022.
             The game lasted 00:17:59 (4058 turns).

GorkyZ the Shield-Bearer (Gargoyle Fighter)         Turns: 4058, Time: 00:18:00

Health: -5/39      AC: 11    Str: 22    XL:     6   Next: 33%
Magic:  6/6        EV:  9    Int:  8    God:    Gozag
Gold:   335        SH:  5    Dex:  9    Spells: 5/5 levels left

rFire   . . .      SeeInvis .   a - +1 war axe
rCold   . . .      Faith    .   c - +0 buckler
rNeg    + . .      Spirit   .   b - +0 scale mail
rPois   ∞          Reflect  .   (no helmet)
rElec   +          Harm     .   (no cloak)
rCorr   .          Rampage  .   (no gloves)
Will    .....                   (no boots)
Stlth   ..........              (no amulet)
HPRegen 0.13/turn               (no ring)
MPRegen 0.10/turn               (no ring)

@: studying Shields
A: sickness immunity, AC +4, negative energy resistance 1, electricity
resistance, torment resistance 1, petrification resistance
a: Renounce Religion, Potion Petition, Call Merchant, Bribe Branch


You were on level 4 of the Dungeon.
You worshipped Gozag.
Gozag was aware of your devotion.
You visited 1 branch of the dungeon, and saw 4 of its levels.
You also visited: Sewer.

You collected 375 gold pieces.
You paid 40 gold pieces to Gozag.

Inventory:

Hand Weapons
 a - a +1 war axe (weapon)
 j - a +0 short sword
Missiles
 i - 8 poisoned darts (quivered)
Armour
 b - a +0 scale mail (worn)
 c - a +0 buckler (worn)
 l - an orb of guile
Jewellery
 f - a ring of protection from fire
Wands
 q - a wand of charming (4)
Scrolls
 h - a scroll of teleportation
 n - a scroll of silence
Potions
 d - a potion of might
 e - a potion of brilliance
 g - a potion of attraction {unknown}
 k - a potion of mutation {unknown}
 m - a potion of heal wounds {unknown}
 o - a potion of curing {unknown}
 p - a potion of berserk rage


   Skills:
 + Level 4.4 Fighting
 + Level 3.0 Axes
 + Level 2.1 Throwing
 + Level 4.4 Armour
 * Level 5.4 Shields
 + Level 0.0 Evocations


You had 5 spell levels left.
You didn't know any spells.
Your spell library was empty.

Dungeon Overview and Level Annotations

Branches:
Dungeon (4/15)              Sewer (visited)
 Temple: D:4-7

Altars:
Gozag
Ru

Annotations:
D:3 Sigmund
D:4 Pikel


Innate Abilities, Weirdness & Mutations

You are immune to sickness and miasma.
Your stone body is resilient. (AC +4)
You are immune to poison.
You resist negative energy. (rN+)
You are resistant to electric shocks. (rElec)
You are resistant to unholy torment.
You are immune to petrification.


Message History

A lemure comes into view.
The lemure shouts!
The lemure hits you but does no damage.
Pikel hits you with a +0 whip of flaming.
Pikel burns you.
You hit Pikel but do no damage. You hit the lemure.
Pikel hits you with a +0 whip of flaming.
Pikel burns you. The lemure hits you.
You slash Pikel!
Pikel is moderately wounded.
You hit the lemure. Pikel hits you but does no damage.
The lemure hits you but does no damage. Pikel misses you. The lemure hits you.
You barely miss Pikel.
Pikel is moderately wounded.
You barely miss the lemure. You closely miss the lemure.
Pikel hits you but does no damage. The lemure hits you.
The lemure hits you but does no damage.
You closely miss Pikel.
Pikel is moderately wounded.
You slash the lemure! x2; You closely miss the lemure.
Pikel barely misses you. The lemure hits you but does no damage.
The lemure hits you! The lemure hits you.
You hit Pikel.
Pikel is heavily wounded.
You hit the lemure. You closely miss the lemure. x2
Pikel hits you with a +0 whip of flaming.
* * * LOW HITPOINT WARNING * * *
Pikel burns you.
* * * LOW HITPOINT WARNING * * *
The lemure hits you.
* * * LOW HITPOINT WARNING * * *
You block the lemure's attack.
Pikel hits you with a +0 whip of flaming.
* * * LOW HITPOINT WARNING * * *
Pikel burns you.
* * * LOW HITPOINT WARNING * * *
The lemure hits you but does no damage. The lemure barely misses you.
The lemure hits you!
You die...
Your body crumbles into a pile of gold.

..!... ..## ..(.((( #..##
# .......##...### ..
.......$#...#.#... ..
##................ ..#
####.........>.......
...##..........5K.......#
.......##.....5@|......#
#.....##.....55.......# .
##....#................
..#....................##
........#................
.###....##...............
## #...###...............
#.##...# #..............#
...#...# #...##..##.....


You could see Pikel and 4 lemures.

Vanquished Creatures
  A water moccasin (Sewer)
  A jelly (D:4)
  Jessica (D:3)
  An iguana (D:4)
  2 adders (D:3)
  4 worms
  An orc (D:3)
  5 endoplasms
  5 giant cockroaches
  8 goblins
  5 hobgoblins
  8 jackals
  9 kobolds
  A quokka (D:1)
  7 ball pythons
  10 bats
  5 frilled lizards
  4 rats
78 creatures vanquished.

Notes
Turn   | Place    | Note
-------+----------+-------------------------------------------
     0 | D:1      | GorkyZ the Gargoyle Fighter began the quest for the Orb.
     0 | D:1      | Reached XP level 1. HP: 14/14 MP: 1/1
   156 | D:1      | Reached XP level 2. HP: 18/19 MP: 2/2
   515 | D:1      | You fall into a shaft and drop 1 floor!
   697 | D:2      | Reached XP level 3. HP: 17/23 MP: 3/3
  1548 | D:1      | Reached skill level 1 in Throwing
  1661 | D:1      | Identified a scroll of acquirement
  1661 | D:1      | Acquired a manual of Shields
  1695 | D:2      | Found a faded altar of an unknown god.
  2759 | D:3      | Noticed Jessica
  2767 | D:3      | Killed Jessica
  2768 | D:3      | Reached skill level 4 in Shields
  2768 | D:3      | Reached XP level 4. HP: 23/29 MP: 4/4
  2866 | D:3      | Found a sacrificial altar of Ru.
  2866 | D:3      | Found an opulent altar of Gozag.
  2877 | D:3      | Became a worshipper of Gozag Ym Sagoz the Greedy
  2902 | D:3      | Found a glowing drain.
  2948 | Sewer    | Entered a sewer
  3017 | Sewer    | Noticed a water moccasin
  3036 | Sewer    | Killed a water moccasin
  3037 | Sewer    | Reached XP level 5. HP: 5/33 MP: 5/5
  3507 | D:3      | Reached XP level 6. HP: 38/38 MP: 6/6
  3509 | D:3      | Reached skill level 5 in Shields
  3591 | D:3      | Noticed Sigmund
  4045 | D:4      | Noticed Pikel
  4058 | D:4      | Slain by a lemure

Illustrated notes

Levels and vault maps discovered:
D:1:      lightli_arrival_chessboard, layout_basic
D:2:      minmay_chambers_of_ones, layout_basic, nicolae_ecumenical_oubliette,
          nicolae_wormholes
D:3:      layout_loops_cross, gammafunk_temple_overflow_pools,
          cheibrodos_sewer_entry_bend, minmay_distorted, uniq_sigmund,
          uniq_jessica
D:4:      layout_cave_pools, uniq_grinder, uniq_menkaure, uniq_pikel

Skill      XL: |  1  2  3  4  5  6 |
---------------+-------------------+-----
Axes           | 2 3 |  3.0
Throwing       | 1 2 |  2.1
Shields        | 4 5 |  5.4
Fighting       | 4 |  4.4
Armour         | 4 |  4.4

Action                   |  1- 3 |  4- 6 || total
-------------------------+-------+-------++-------
Melee: War axe           |   159 |   105 ||   264
Throw: Dart              |       |     9 ||     9
  Use: Scroll            |    12 |     1 ||    13
Armor: Scale mail        |    94 |    67 ||   161
Dodge: Dodged            |    74 |    57 ||   131
Block: Buckler           |    38 |    34 ||    72
